AoeStats
← YANNICKKO

MegaRandom

508276751Analyzed
4v4 RM · 2mo ago on Sep 21, 2026· 91m 57s· 8 players
Game mode
Random Map
Map size
Large (8 player)
Population
200
Speed
Normal
Resources
Standard
Victory
Conquest
Starting age
Dark Age
Ending age
Imperial Age
RankedLock teamsTeams togetherTeam positionsShared explorationLock speedFull tech treeHidden civsTurbo modeCheats
Victory
Defeat
🇹🇷 Huns · Türkiye
914
+13
🇹🇷 Gurjaras · Türkiye
882
+14
🇨🇦 Persians · Canada
870
+15
🇧🇷 Magyars · Brazil
854
+15
vs
🇷🇴 Vietnamese · Romania
898
-17
🇷🇴 Wu · Romania
848
-14
🇷🇴 Franks · Romania
841
-14
🇷🇴 Burgundians · Romania
779
-12
Tamor
7:20 Loom
10:48 Feudal Age
11:38 Double-Bit Axe
14:52 Wheelbarrow
20:01 Horse Collar
24:28 Castle Age
26:07 Husbandry
26:18 Bloodlines
26:20 Scale Barding Armor
26:52 Hand Cart
31:05 Treadmill Crane
31:35 Masonry
31:47 Ballistics
31:26 Murder Holes
36:25 Chain Barding Armor
40:24 Imperial Age
37:41 Town Watch
38:19 Gold Mining
38:19 Stone Mining
40:19 Heavy Plow
40:56 Gold Shaft Mining
40:35 Bow Saw
41:26 Conscription
41:24 Cavalier
44:24 Paladin
55:13 Caravan
63:09 Elite Magyar Huszar
81:14 Plate Barding Armor
82:30 Crop Rotation
[JRA] MELITIAN
6:04 Loom
11:02 Feudal Age
14:21 Gold Mining
15:39 Double-Bit Axe
19:44 Castle Age
19:30 Stone Mining
23:14 Forging
24:01 Stone Shaft Mining
25:34 Scale Mail Armor
26:10 Iron Casting
28:49 Gold Shaft Mining
32:02 Chain Mail Armor
34:15 Wheelbarrow
37:40 Imperial Age
38:13 Elite Chakram Thrower
39:57 Hand Cart
42:27 Arson
43:15 Plate Mail Armor
49:04 Siege Elephant
50:15 Bow Saw
50:35 Caravan
56:45 Man-at-Arms
57:21 Fletching
57:31 Padded Archer Armor
60:12 Long Swordsman
64:42 Two-Handed Swordsman
[JRA]BATU
0:30 Loom
12:14 Feudal Age
17:12 Castle Age
15:19 Double-Bit Axe
15:17 Horse Collar
16:29 Gold Mining
24:50 Heavy Plow
27:04 Bow Saw
30:40 Stone Mining
32:49 Wheelbarrow
32:01 Town Watch
32:55 Gold Shaft Mining
33:34 Thumb Ring
33:30 Fletching
33:42 Padded Archer Armor
34:09 Pikeman
34:51 Squires
36:42 Ballistics
39:09 Imperial Age
40:13 Hand Cart
39:43 Loom
39:59 Town Patrol
40:16 Halberdier
41:30 Conscription
40:39 Heavy Cavalry Archer
41:45 Parthian Tactics
42:07 Leather Archer Armor
41:48 Bodkin Arrow
41:54 Scale Mail Armor
42:06 Forging
43:23 Two-Man Saw
60:38 Bloodlines
60:29 Husbandry
59:50 Cavalier
61:23 Paladin
67:55 Scale Barding Armor
68:26 Iron Casting
69:05 Chain Barding Armor
69:30 Caravan
70:58 Blast Furnace
74:31 Plate Barding Armor
John
12:01 Feudal Age
10:32 Loom
13:06 Double-Bit Axe
16:59 Castle Age
15:24 Horse Collar
16:27 Scale Barding Armor
17:07 Gold Mining
17:30 Bloodlines
18:01 Forging
20:13 Iron Casting
27:53 Parthian Tactics
28:52 Fletching
30:55 Husbandry
33:47 Imperial Age
32:15 Heavy Plow
33:19 Stone Mining
34:00 Padded Archer Armor
34:27 Ballistics
35:59 Wheelbarrow
36:11 Bow Saw
38:18 Hand Cart
39:07 Conscription
39:15 Bodkin Arrow
39:35 Leather Archer Armor
40:06 Cavalier
41:52 Chemistry
41:33 Citadels
40:58 Heavy Camel Rider
42:26 Leather Archer Armor
42:28 Thumb Ring
53:02 Savar
53:26 Elite Skirmisher
56:06 Heavy Scorpion
59:34 Pikeman
60:27 Capped Ram
61:17 Light Cavalry
62:16 Siege Ram
67:52 Squires
70:55 Blast Furnace
70:15 Chain Barding Armor
69:57 Scale Mail Armor
70:10 Masonry
71:42 Gambesons
71:40 Crossbowman
75:24 Chain Mail Armor
79:32 Plate Mail Armor
79:34 Ring Archer Armor
79:39 Plate Barding Armor
80:02 Architecture
79:29 Murder Holes
79:01 Crossbowman
79:32 Hussar
80:56 Halberdier
82:34 Kamandaran
83:26 Hoardings
82:47 Elite War Elephant
86:18 Caravan
THE SUSPECT
13:58 Feudal Age
14:55 Double-Bit Axe
18:26 Castle Age
19:51 Bow Saw
19:35 Horse Collar
24:46 Heavy Plow
26:27 Gold Mining
26:59 Husbandry
28:19 Gold Shaft Mining
29:02 Stone Mining
30:36 Stone Shaft Mining
31:01 Wheelbarrow
29:53 Cavalier
34:29 Hand Cart
35:29 Crop Rotation
39:32 Imperial Age
41:02 Paladin
42:01 Forging
41:57 Scale Barding Armor
44:11 Iron Casting
43:58 Chain Barding Armor
44:46 Conscription
44:01 Elite Skirmisher
46:18 Blast Furnace
45:14 Imperial Skirmisher
49:04 Chemistry
48:25 Ballistics
52:34 Fletching
52:44 Padded Archer Armor
52:20 Elite Coustillier
53:09 Burgundian Vineyards
54:08 Two-Man Saw
55:49 Bodkin Arrow
56:10 Leather Archer Armor
80:37 Pikeman
81:18 Squires
George Droyd
9:51 Loom
11:57 Feudal Age
17:13 Castle Age
15:44 Double-Bit Axe
15:41 Horse Collar
19:30 Wheelbarrow
21:49 Heavy Plow
23:04 Bow Saw
24:25 Pikeman
25:06 Squires
25:44 Gold Mining
25:56 Stone Mining
25:56 Gold Mining
28:28 Hand Cart
29:18 Stone Shaft Mining
29:15 Elite Skirmisher
31:42 Thumb Ring
30:57 Crossbowman
35:37 Imperial Age
33:25 Chatras
34:19 Scale Mail Armor
34:29 Forging
34:09 Fletching
34:20 Padded Archer Armor
35:39 Halberdier
36:47 Chain Mail Armor
37:08 Iron Casting
36:28 Bodkin Arrow
36:00 Arbalester
36:01 Imperial Skirmisher
37:06 Paper Money
36:56 Elite Rattan Archer
37:42 Arson
43:54 Two-Man Saw
43:29 Crop Rotation
46:36 Leather Archer Armor
46:21 Bracer
46:52 Plate Mail Armor
51:13 Ring Archer Armor
50:48 Scale Barding Armor
53:00 Chain Barding Armor
56:33 Cavalier
57:13 Husbandry
57:23 Bloodlines
56:34 Elite Battle Elephant
57:44 Light Cavalry
60:08 Elite Fire Lancer
65:45 Chemistry
65:05 Ballistics
81:01 Man-at-Arms
82:01 Long Swordsman
YANNICKKO
10:41 Feudal Age
9:19 Loom
18:14 Castle Age
22:07 Double-Bit Axe
25:51 Wheelbarrow
26:17 Bow Saw
26:59 Gold Mining
33:25 Imperial Age
33:39 Cavalier
35:13 Scale Mail Armor
35:21 Scale Barding Armor
35:27 Forging
36:09 Hand Cart
35:28 Paladin
36:31 Chain Barding Armor
37:52 Iron Casting
39:18 Plate Barding Armor
40:40 Blast Furnace
44:48 Gold Shaft Mining
44:05 Stone Mining
48:10 Onager
56:51 Siege Engineers
66:22 Elite Skirmisher
67:16 Padded Archer Armor
67:09 Fletching
69:18 Bodkin Arrow
MDS Destroyer
12:22 Feudal Age
13:14 Loom
14:45 Double-Bit Axe
17:39 Castle Age
16:03 Horse Collar
19:37 Wheelbarrow
18:36 Pikeman
19:17 Squires
24:52 Heavy Plow
26:26 Hand Cart
26:54 Gold Mining
28:12 Fletching
29:07 Bow Saw
29:08 Town Watch
29:22 Bodkin Arrow
30:18 Red Cliffs Tactics
31:32 Forging
35:27 Imperial Age
34:19 Gold Shaft Mining
35:53 Elite Fire Archer
36:57 Conscription
36:10 Halberdier
37:35 Bracer
38:11 Iron Casting
37:36 Scale Mail Armor
38:43 Ballistics
39:24 Chemistry
38:39 Padded Archer Armor
39:51 Town Patrol
41:36 Elite Skirmisher
42:48 Leather Archer Armor
43:34 Blast Furnace
42:49 Chain Mail Armor
48:16 Plate Mail Armor
50:34 Heavy Hei Guang Cavalry
51:16 Husbandry
52:00 Bloodlines
56:26 Stone Mining
55:59 Imperial Skirmisher
58:22 Two-Man Saw
61:15 Scale Barding Armor
83:32 Light Cavalry
Connection lost

Rejoining the realm…

Still unreachable

The connection could not be restored.

Session expired

The server has moved on; the page needs a fresh start.